 Dungeon Crawl Stone Soup version 0.29-a0-334-gb41bcbb86e (webtiles) character file.

Game seed: 7372396677400672584

365 jlumianski the Chopper (level 6, -2/48 HPs)
             Began as a Demonspawn Fighter on Apr 14, 2022.
             Slain by Grinder (4 damage)
             ... on level 4 of the Dungeon.
             The game lasted 00:10:07 (2876 turns).

jlumianski the Chopper (Demonspawn Fighter)         Turns: 2876, Time: 00:10:07

Health: -2/48      AC: 13    Str: 19    XL:     6   Next: 40%
Magic:  6/6        EV:  7    Int: 15    God:
Gold:   318        SH:  4    Dex: 12    Spells: 5/5 levels left

rFire   . . .      SeeInvis .   a - +2 war axe (chaos)
rCold   . . .      Faith    .   c - +0 buckler
rNeg    . . .      Spirit   .   u - +0 chain mail
rPois   .          Reflect  .   (no helmet)
rElec   .          Harm     .   s - +1 cloak
rCorr   .          Rampage  .   (no gloves)
Will    .....                   (no boots)
Stlth   ..........              (no amulet)
HPRegen 0.16/turn               l - +6 ring of intelligence
MPRegen 0.10/turn               (no ring)

@: mighty, lethally poisoned (-2 -> -8)
A: claws 1, thin metallic scales 1, demonic guardian 2
a: no special abilities


You were on level 4 of the Dungeon.
You visited 1 branch of the dungeon, and saw 5 of its levels.

You collected 318 gold pieces.

Inventory:

Hand Weapons
 a - a +2 war axe of chaos (weapon)
 e - a +0 hunting sling
Missiles
 j - 11 poisoned darts
 n - 63 stones
 x - 3 atropa-tipped darts
Armour
 b - a +0 scale mail
 c - a +0 buckler (worn)
 s - a +1 cloak (worn)
 u - a +0 chain mail (worn)
Magical Staves
 h - a staff of conjuration
Jewellery
 l - a +6 ring of intelligence (left claw)
 o - a ring of fire
 y - a ring of magical power
Scrolls
 g - 5 scrolls of teleportation
 k - a scroll of fog
Potions
 f - 2 potions of attraction
 i - a potion of mutation
 m - a potion of brilliance
 p - a potion of haste
 q - a potion of curing
 r - a potion of invisibility
 v - a potion of magic
 w - a potion of lignification {unknown}
 z - a potion of heal wounds


   Skills:
 + Level 4.1 Fighting
 + Level 4.3 Axes
 + Level 4.0 Armour
 + Level 0.6 Dodging
 + Level 0.3 Stealth
 + Level 3.0 Shields


You had 5 spell levels left.
You didn't know any spells.
Your spell library was empty.

Dungeon Overview and Level Annotations

Branches:
Dungeon (5/15)
 Temple: D:4-7

Altars:
Gozag

Annotations:
D:4 Grinder


Innate Abilities, Weirdness & Mutations

You have sharp fingernails.
You are partially covered in thin metallic scales. (AC +2)
A demonic guardian rushes to your aid.


Message History

Grinder is moderately wounded.
Grinder blinks!
The water moccasin bites you.
The hobgoblin hits you but does no damage.
The ball python bites you but does no damage.
The ball python grabs you. The ball python constricts you.
The water moccasin bites you.
You slice the hobgoblin!! You freeze the hobgoblin.
You kill the hobgoblin!
You hit the ball python.
The ball python is poisoned.
You miss the water moccasin. The water moccasin bites you!
The ball python bites you. The ball python constricts you.
You block the water moccasin's attack. The ball python bites you.
The ball python constricts you.
You slash the ball python!
You kill the ball python!
You completely miss the water moccasin. The water moccasin bites you.
The water moccasin bites you but does no damage.
You closely miss Grinder.
Grinder is moderately wounded.
You hit the water moccasin.
The water moccasin flickers and vanishes!
Deactivating autopickup; reactivate with Ctrl-A.
Something bites you.
You are poisoned.
Something poisons you! Grinder gestures at you.
You resist with significant effort.
You barely miss Grinder.
Grinder is moderately wounded.
You barely miss something.
You feel very sick. You block something's attack. You block Grinder's attack.
Something bites you but does no damage.
You hit Grinder.
Grinder goes berserk!
Grinder is heavily wounded.
You completely miss something.
You feel sick. Grinder hits you!
* * * LOW HITPOINT WARNING * * *
A demonic guardian appears!
You writhe in agony.
You die...

#...........
#...........
#........... #..#
........... #..#
.......... #..# #...4..#
...# #{5....#..
.#.#############@.......
.......##........##.....
..........####...# ...
.......###.......[... #
.................[....
....................##
.......###............
.......##...........###
.####......###.######


You could see Grinder (berserk, ally target) and a friendly hellwing (summoned).

Vanquished Creatures
  A water moccasin (D:5)
  The ghost of zishaf the Grasshopper, an amateur HuWr (D:3)
  A bullfrog (D:4)
  A hound (D:3)
  2 adders (D:2)
  4 dart slugs
  An orc (D:3)
  8 endoplasms
  7 giant cockroaches
  4 hobgoblins
  5 quokkas
  7 ball pythons
  2 bats
  3 frilled lizards
  5 goblins
  4 kobolds
  7 rats
63 creatures vanquished.

Vanquished Creatures (collateral kills)
  A ball python (D:2)
1 creature vanquished.

Grand Total: 64 creatures vanquished

Notes
Turn   | Place    | Note
-------+----------+-------------------------------------------
     0 | D:1      | jlumianski the Demonspawn Fighter began the quest for the
                  | Orb.
     0 | D:1      | Reached XP level 1. HP: 18/18 MP: 1/1
    94 | D:2      | Gained mutation: A weak demonic guardian rushes to your
                  | aid. [demonic ancestry]
    94 | D:2      | Reached XP level 2. HP: 22/24 MP: 2/2
   691 | D:1      | Gained mutation: You are partially covered in thin metallic
                  | scales. (AC +2) [demonic ancestry]
   691 | D:1      | Reached XP level 3. HP: 28/29 MP: 3/3
  1024 | D:4      | Noticed a water moccasin
  1113 | D:3      | Found a runed translucent gate.
  1113 | D:3      | Found a runed translucent gate.
  1113 | D:3      | Found a runed translucent gate.
  1114 | D:3      | Found an opulent altar of Gozag.
  1117 | D:3      | Noticed zishaf's ghost (amateur HuWr)
  1561 | D:2      | Gained mutation: You have sharp fingernails. [demonic
                  | ancestry]
  1561 | D:2      | Reached XP level 4. HP: 26/35 MP: 4/4
  2294 | D:4      | Noticed a bullfrog
  2304 | D:4      | Killed a bullfrog
  2305 | D:4      | Reached XP level 5. HP: 35/42 MP: 5/5
  2315 | D:5      | Entered Level 5 of the Dungeon
  2325 | D:5      | Noticed a water moccasin
  2332 | D:5      | Killed a water moccasin
  2700 | D:3      | Gained mutation: A demonic guardian rushes to your aid.
                  | [demonic ancestry]
  2700 | D:3      | Reached XP level 6. HP: 45/48 MP: 6/6
  2711 | D:3      | Killed zishaf's ghost
  2863 | D:4      | Noticed Grinder
  2863 | D:4      | Paralysed by Grinder for 6 turns
  2876 | D:4      | HP: 2/48 [Grinder (12)]
  2876 | D:4      | Slain by Grinder

Illustrated notes

Levels and vault maps discovered:
D:1:      lightli_molten_gateway, layout_basic
D:2:      layout_rooms
D:3:      layout_loops_ring, ebering_ghost_gozag
D:4:      layout_rooms, minmay_temple_entry_from_below_b, uniq_robin,
          uniq_grinder
D:5:      layout_basic, minmay_misc_feat_doors

Skill      XL: |  1  2  3  4  5  6 |
---------------+-------------------+-----
Armour         | 3 4 |  4.0
Axes           | 2 3 4 |  4.3
Fighting       | 4 |  4.1
Shields        | 3 |  3.0
Dodging        | |  0.6
Stealth        | |  0.3

Action                   |  1- 3 |  4- 6 || total
-------------------------+-------+-------++-------
Melee: War axe           |    90 |    66 ||   156
 Fire: Hunting sling     |     7 |       ||     7
  Use: Scroll            |     9 |     7 ||    16
       Potion            |     1 |     2 ||     3
 Stab: Paralysed         |       |     1 ||     1
Armor: Scale mail        |    37 |     2 ||    39
       Chain mail        |       |    41 ||    41
Dodge: Dodged            |    57 |    22 ||    79
Block: Buckler           |    22 |    13 ||    35

Table legend: (Time is in decaauts)
 A = Elapsed time spent in this place.
 B = Non-inter-level travel time spent in this place.
 C = Inter-level travel time spent in this place.
 D = Time resting spent in this place.
 E = Time spent auto-exploring this place.
 F = Levels seen in this place.
 G = Mean time per level.
                   A        B        C        D        E       F      G
               +--------+--------+--------+--------+--------+-----+--------+
         Total |   2948 |   2911 |     37 |      0 |   1797 |   5 |  589.6 |
       Dungeon |   2948 |   2911 |     37 |      0 |   1797 |   5 |  589.6 |
               +--------+--------+--------+--------+--------+-----+--------+

Top non-repeatable levels by time:
     D:3: 1081 daAuts
     D:1: 901 daAuts
     D:2: 735 daAuts
     D:4: 173 daAuts
     D:5: 56 daAuts
